 Dungeon Crawl Stone Soup version 0.31-a0-8-gd14b0f4ee2 (webtiles) character file.

Game seed: 11135431732599246617

1344 Kuronicle the Covered (level 8, 0/62 HPs)
             Began as a Human Monk on May 6, 2023.
             Was a Priest of Zin.
             Shot with an arrow by a centaur (4 damage)
             ... on level 6 of the Dungeon.
             The game lasted 00:19:24 (5983 turns).

Kuronicle the Covered (Human Monk)                  Turns: 5983, Time: 00:19:25

Health: 0/62       AC: 12    Str: 20    XL:     8   Next: 94%
Magic:  9/11       EV: 11    Int: 12    God:    Zin [***...]
Gold:   66         SH:  0    Dex: 23    Spells: 7/7 levels left

rFire   . . .        b - +3 halberd
rCold   . . .        (shield currently unavailable)
rNeg    . . .        d - +0 chain mail
rPois   ∞            k - +0 helmet
rElec   .            (no cloak)
rCorr   .            w - +0 pair of gloves
SInv    .            (no boots)
Will    .....        e - amulet of magic regeneration Stlth
                     m - +6 ring of strength
HPRegen 0.30/turn    n - +6 ring of dexterity
MPRegen 0.52/turn

%: no passive effects
@: vitalised
A: no striking features
a: Renounce Religion, Recite, Vitalisation, Imprison, Donate Gold


You were on level 6 of the Dungeon.
You worshipped Zin.
Zin was most pleased with you.
You visited 2 branches of the dungeon, and saw 7 of its levels.

You collected 243 gold pieces.
You donated 177 gold pieces to Zin.

Inventory:

Hand Weapons
 b - a +3 halberd (weapon)
 g - the +10 dagger "Ottil" {speed, Str+2}
   (You took it off an orc on level 5 of the Dungeon)

   Str:       It affects your strength (+2).
 p - a +2 vampiric dagger
 q - a +1 hand axe of electrocution
Armour
 d - a +0 chain mail (worn)
 k - a +0 helmet (worn)
 u - a +2 ring mail
 w - a +0 pair of gloves (worn)
Jewellery
 c - a +6 ring of dexterity
 e - an amulet of magic regeneration (around neck)
 m - a +6 ring of strength (left hand)
 n - a +6 ring of dexterity (right hand)
Wands
 r - a wand of flame (17)
 s - a wand of light (19)
 t - a wand of mindburst (4)
Scrolls
 a - 4 scrolls of identify
 f - a scroll of magic mapping {unknown}
 o - 2 scrolls of fog
 v - 3 scrolls of amnesia
 x - a scroll of blinking {unknown}
Potions
 h - 2 potions of berserk rage
 i - 3 potions of haste
 j - 3 potions of mutation
 l - 2 potions of curing


   Skills:
 - Level 5.1 Fighting
 - Level 3.3 Polearms
 + Level 5.8 Armour
 * Level 4.6 Dodging
 - Level 2.0 Stealth
 - Level 3.0 Unarmed Combat
 - Level 4.5 Invocations


You had 7 spell levels left.
You didn't know any spells.
Your spell library was empty.

Dungeon Overview and Level Annotations

Branches:
Dungeon (6/15)             Temple (1/1) D:6

Altars:
Ashenzari
Cheibriados
Elyvilon
Fedhas
Gozag
Hepliaklqana
Nemelex Xobeh
Qazlal
Ru
Sif Muna
Trog
Vehumet
Wu Jian
Xom
Zin
The Shining One

Shops:
D:3 [   D:5 :


Message History

Something tries to affect you, but you resist.
You barely miss something.
You feel less confused.
The centaur wields a +0 shortbow.
The centaur shoots an arrow.
The arrow barely misses you.
The centaur shoots an arrow.
Something hits you. Something bites you but does no damage.
You hit something.
The centaur shoots an arrow.
The arrow closely misses you. Something hits you.
Something completely misses you.
The centaur shoots an arrow.
You miss something. Something hits you but does no damage.
Something bites you but does no damage. Something hits you.
Something bites you!
Something draws strength from your injuries!
You closely miss something.
You hear some strange, mumbled words.
Something tries to affect you, but you resist.
You hear a loud, deep croak!
You miss something.
The centaur shoots an arrow.
Something hits you. Something bites you!
* * * LOW HITPOINT WARNING * * *
Something draws strength from your injuries!
The centaur shoots an arrow.
You barely miss something. Something hits you but does no damage.
Something bites you!
* * * LOW HITPOINT WARNING * * *
Something draws strength from your injuries!
The centaur shoots an arrow.
The arrow hits you.
* * * LOW HITPOINT WARNING * * *
Something hits you but does no damage. Something bites you.
* * * LOW HITPOINT WARNING * * *
Something draws strength from your injuries!
The centaur shoots an arrow.
The arrow barely misses you.
You feel better.
A sky beast comes into view.
Something hits you!
* * * LOW HITPOINT WARNING * * *
Something completely misses you. Zin grants you divine stamina.
The centaur shoots an arrow.
The arrow hits you.
You die...

#......# ..#
.......## .. #.!
........## .
###..# ).....)..#
....## #......#.#
..... #....###.##
##...#
##...#....####
#...
##....>.#.#.###.#
#..#...#..#...@#
######....#...{#
#......###c#
##...##..#.Y.
#.### ..#.#...
### .#.#.....
.#.# .... ..#
##.# #.. .c


You could see a sky beast and a centaur.

Vanquished Creatures
  Sigmund (D:4)
  Duvessa (D:5)
  A sky beast (D:6)
  An ogre (D:4)
  The ghost of petzl the Sneak, an amateur FoDe (D:5)
  3 scorpions
  Dowan (D:5)
  2 orc priests
  2 hounds (D:4)
  A gnoll bouda (D:5)
  Jessica (D:2)
  An iguana (D:4)
  Ijyb (D:3)
  2 orc wizards (D:5)
  Robin (D:2)
  14 gnolls
  5 adders
  2 white imps
  2 worms (D:2)
  2 dart slugs
  18 orcs
  6 bats
  4 endoplasms
  A giant cockroach (D:1)
  16 goblins
  9 hobgoblins
  6 jackals (D:1)
  4 quokkas
  6 ball pythons
  A frilled lizard (D:1)
  9 kobolds
  7 rats
  2 butterflies (D:6)
134 creatures vanquished.

Vanquished Creatures (others)
  3 plants (D:5)
3 creatures vanquished.

Grand Total: 137 creatures vanquished

Notes
Turn   | Place    | Note
-------+----------+-------------------------------------------
     0 | D:1      | Kuronicle the Human Monk began the quest for the Orb.
     0 | D:1      | Reached XP level 1. HP: 18/18 MP: 1/1
   126 | D:1      | Reached XP level 2. HP: 22/24 MP: 2/2
   190 | D:1      | Reached skill level 1 in Stealth
   203 | D:1      | Reached skill level 1 in Armour
   457 | D:1      | Reached XP level 3. HP: 26/29 MP: 3/3
  1325 | D:2      | Reached XP level 4. HP: 32/35 MP: 4/4
  1553 | D:2      | Noticed Jessica
  1586 | D:2      | Reached XP level 5. HP: 26/41 MP: 5/5
  1610 | D:2      | Killed Jessica
  1611 | D:2      | Reached skill level 1 in Polearms
  1686 | D:2      | Noticed Robin
  1710 | D:2      | Killed Robin
  1962 | D:3      | Noticed Ijyb
  1970 | D:3      | Killed Ijyb
  2152 | D:3      | Reached XP level 6. HP: 47/47 MP: 6/6
  2307 | D:3      | Noticed an angel
  2308 | D:3      | Found a glowing silver altar of Zin.
  2320 | D:3      | Became a worshipper of Zin the Law-Giver
  2320 | D:3      | Reached * piety under Zin
  2320 | D:3      | Reached ** piety under Zin
  2359 | D:3      | Found Pewkig's Armour Emporium.
  2872 | D:4      | Reached skill level 1 in Invocations
  2913 | D:4      | Reached *** piety under Zin
  2947 | D:4      | Noticed an ogre
  2966 | D:4      | Killed an ogre
  2967 | D:4      | Reached XP level 7. HP: 5/54 MP: 7/9
  3441 | D:4      | Noticed Sigmund
  3452 | D:4      | HP: 1/55 [gnoll/+0 halberd (9)]
  3471 | D:4      | Killed Sigmund
  3836 | D:4      | Found a sparkling altar of Nemelex Xobeh.
  3933 | D:5      | Entered Level 5 of the Dungeon
  3972 | D:5      | Reached skill level 5 in Fighting
  3981 | D:5      | Reached XP level 8. HP: 37/62 MP: 11/11
  4322 | D:5      | Noticed Dowan
  4322 | D:5      | Noticed Duvessa
  4347 | D:5      | Killed Duvessa
  4370 | D:5      | Killed Dowan
  4689 | D:5      | Found a runed translucent gate.
  4690 | D:5      | Found a runed translucent gate.
  4690 | D:5      | Found a runed translucent gate.
  4691 | D:5      | Noticed petzl's ghost (amateur FoDe)
  4692 | D:5      | Identified the +10 dagger "Ottil" {speed, Str+2}
  4730 | D:5      | Killed petzl's ghost
  5059 | D:5      | Reached skill level 5 in Armour
  5118 | D:5      | Found a broken altar of Ashenzari.
  5355 | D:5      | Found Xytihuor's Tremendous Tomes.
  5361 | D:5      | Donated 102 gold pieces to Zin
  5362 | D:5      | Donated 51 gold pieces to Zin
  5873 | D:6      | Found a staircase to the Ecumenical Temple.
  5880 | Temple   | Entered the Ecumenical Temple
  5963 | D:6      | Noticed a vampire
  5981 | D:6      | HP: 3/62 [something (3)]
  5983 | D:6      | Shot with an arrow by a centaur

Illustrated notes

Levels and vault maps discovered:
D:1:      wander_arrival_peaceful_grave, layout_basic, kennysheep_nondescript,
          nrook_mini_backslash
D:2:      kennysheep_big_flooded_room, layout_rooms, uniq_jessica, uniq_robin
D:3:      layout_basic, zin_angel, serial_shops,
          nicolae_shop_tiny_real_fake_doors, uniq_ijyb
D:4:      layout_rooms, lemuel_doored_altar, uniq_sigmund
D:5:      layout_loops_corners, mainiacjoe_overflow_chevrons,
          biasface_ghost_orc_armoury, nicolae_shop_i_like_big_books,
          uniq_duvessa
D:6:      layout_layer_cave, old_standard_altar, minmay_temple_entry_butterflies
Temple:   cyrus_circular_temple

Skill      XL: |  1  2  3  4  5  6  7  8 |
---------------+-------------------------+-----
Stealth        | 1 2 |  2.0
Armour         | 1 2 3 5 |  5.8
Polearms       | 2 3 |  3.3
Invocations    | 2 4 |  4.5
Fighting       | 4 5 |  5.1
Dodging        | 4 |  4.6
Unarmed Combat | |  3.0

Action                     |  1- 3 |  4- 6 |  7- 9 || total
---------------------------+-------+-------+-------++-------
  Melee: Unarmed           |   183 |    40 |       ||   223
         Punch             |     9 |     4 |       ||    13
         Halberd           |       |   144 |   233 ||   377
 Invoke: Donate Gold       |       |       |     2 ||     2
         Recite            |       |       |     1 ||     1
         Vitalisation      |       |       |     1 ||     1
    Use: Scroll            |     3 |     3 |     6 ||    12
         Potion            |       |     2 |     6 ||     8
 Armour: Chain mail        |   135 |   127 |   164 ||   426
         Robe              |     2 |       |       ||     2
  Dodge: Dodged            |    93 |   105 |   140 ||   338

Table legend: (Time is in decaauts)
 A = Elapsed time spent in this place.
 B = Non-inter-level travel time spent in this place.
 C = Inter-level travel time spent in this place.
 D = Time resting spent in this place.
 E = Time spent auto-exploring this place.
 F = Levels seen in this place.
 G = Mean time per level.
                   A        B        C        D        E       F      G
               +--------+--------+--------+--------+--------+-----+--------+
         Total |   6106 |   5944 |    162 |    644 |   3417 |   7 |  872.3 |
       Dungeon |   6031 |   5869 |    162 |    644 |   3417 |   6 | 1005.2 |
        Temple |     75 |     75 |      0 |      0 |      0 |   1 |   75.0 |
               +--------+--------+--------+--------+--------+-----+--------+

Top non-repeatable levels by time:
     D:5: 1851 daAuts
     D:4: 1110 daAuts
     D:2: 1071 daAuts
     D:3: 974 daAuts
     D:1: 840 daAuts
     D:6: 182 daAuts
  Temple: 75 daAuts
